 Dungeon Crawl Stone Soup version 0.21.1-1-g345015f (webtiles) character file.

49 n0claF the Shooter (level 3, 0/30 HPs)
             Began as a Centaur Hunter on June 22, 2018.
             Killed from afar by Ijyb (5 damage)
             ... with a wand of flame (24)
             ... on level 3 of the Dungeon.
             The game lasted 00:04:28 (1999 turns).

n0claF the Shooter (Centaur Hunter)                 Turns: 1999, Time: 00:04:29

Health: 0/30       AC:  6    Str: 14    XL:     3   Next: 51%
Magic:  3/3        EV:  9    Int: 10    God:
Gold:   81         SH:  0    Dex: 10    Spells: 2/2 levels left

rFire    . . .     SeeInvis .   (no weapon)
rCold    . . .     Gourm    .   (no shield)
rNeg     . . .     Faith    .   c - +0 leather armour
rPois    .         Spirit   .   j - +1 hat
rElec    .         Reflect  .   (no cloak)
rCorr    .         Harm     .   h - +0 pair of gloves
MR       .....                  (no barding)
Stlth    +.........             (no amulet)
HPRegen  0.00/turn              (no ring)
MPRegen  0.08/turn              (no ring)

@: very quick
A: large, hooves 3, deformed body, speed 2, inhibited regeneration, tough skin
3, wild magic 1
a: no special abilities


You were on level 3 of the Dungeon.
You were not hungry.

You visited 1 branch of the dungeon, and saw 3 of its levels.

You collected 81 gold pieces.

Inventory:

Hand Weapons
 a - a +1 shortbow
Armour
 c - a +0 leather armour (worn)
 h - a +0 pair of gloves (worn)
   (You found it on level 2 of the Dungeon)
 j - a +1 hat (worn)
   (You found it on level 2 of the Dungeon)
Scrolls
 b - a scroll of enchant armour {unknown}
 f - 2 scrolls of identify {unknown}
 g - 3 scrolls of remove curse {unknown}
 i - a scroll of enchant weapon {unknown}
Comestibles
 e - 4 rations {!d}
 k - a chunk of flesh


   Skills:
 + Level 2.4 Fighting
 * Level 6.1 Bows
 + Level 1.8 Dodging
 + Level 1.0 Stealth


You had 2 spell levels left.
You didn't know any spells.

Dungeon Overview and Level Annotations

Branches:
Dungeon (3/15)

Altars:

Annotations:
D:3 Ijyb


Innate Abilities, Weirdness & Mutations

You have hooves in place of feet.
Armour fits poorly on your strangely shaped body.
You cover ground very quickly.
You have extremely tough skin. (AC +3)
You do not regenerate when monsters are visible.
Your spells are a little harder to cast, but a little more powerful.


Message History

Aim: Ijyb, wearing a chain mail and carrying a wand of flame (27) (moderately wounded)
You shoot an arrow. The arrow hits Ijyb!
Ijyb closely misses you.
Aim: Ijyb, wearing a chain mail and carrying a wand of flame (27) (heavily wounded)
You shoot an arrow. The arrow hits Ijyb.
Ijyb closely misses you.
Aim: Ijyb, wearing a chain mail and carrying a wand of flame (27) (severely wounded)
You shoot an arrow. The arrow hits Ijyb.
Ijyb zaps a wand.
The puff of flame misses you.
Aim: Ijyb, wearing a chain mail and carrying a wand of flame (26) (almost dead)
You shoot an arrow. The arrow barely misses Ijyb.
The arrow hits the kobold.
Ijyb zaps a wand.
The puff of flame hits you!
Aim: Ijyb, wearing a chain mail and carrying a wand of flame (25) (almost dead)
You shoot an arrow. The arrow barely misses Ijyb.
The kobold barely misses you. Ijyb hits you.
* * * LOW HITPOINT WARNING * * *
Really attack while wielding your +1 shortbow? [Y]es or [N]o only, please.
Really attack while wielding your +1 shortbow? [Y]es or [N]o only, please.
Really attack while wielding your +1 shortbow? [Y]es or [N]o only, please.
Really attack while wielding your +1 shortbow?
Okay, then.
You don't know any spells.
You are now empty-handed.
You closely miss Ijyb. Your kick misses Ijyb.
The kobold hits you but does no damage. Ijyb closely misses you.
You closely miss Ijyb. Your kick misses Ijyb. The kobold completely misses you.
Ijyb hits you.
* * * LOW HITPOINT WARNING * * *
You barely miss Ijyb. Your kick misses Ijyb. The kobold barely misses you.
Ijyb zaps a wand.
The puff of flame hits you!
* * * LOW HITPOINT WARNING * * *
You closely miss Ijyb. You kick Ijyb, but do no damage.
The kobold barely misses you. Ijyb barely misses you.
It was a potion of mutation.
You feel extremely strange.
Your regeneration stops near monsters.
You feel less in control of your magic. The kobold hits you.
* * * LOW HITPOINT WARNING * * *
Ijyb closely misses you.
You hit Ijyb but do no damage. You kick Ijyb, but do no damage.
The kobold barely misses you. Ijyb closely misses you.
Unknown command.
You hit Ijyb but do no damage. Your kick misses Ijyb.
The kobold hits you but does no damage.
Ijyb zaps a wand.
The puff of flame hits you!
You die...

.(((.#
....#
....#
...#
(..###
#(...
#gK#
#@.#
#..#
#....
#..##.#
#... #
#.#.#
..#..
####..


You could see Ijyb and a kobold.

Vanquished Creatures
  An adder (D:2)
  2 dart slugs
  2 leopard geckos (D:2)
  A giant cockroach (D:1)
  3 goblins (D:1)
  6 hobgoblins
  3 jackals (D:1)
  7 kobolds
  A ball python (D:1)
  A bat (D:2)
  3 frilled lizards
  3 rats
33 creatures vanquished.

Notes
Turn   | Place    | Note
-------+----------+-------------------------------------------
     0 | D:1      | n0claF the Centaur Hunter began the quest for the Orb.
     0 | D:1      | Reached XP level 1. HP: 17/17 MP: 1/1
   312 | D:1      | Reached XP level 2. HP: 3/24 MP: 2/2
  1674 | D:2      | Reached XP level 3. HP: 30/30 MP: 3/3
  1805 | D:2      | Reached skill level 6 in Bows
  1805 | D:2      | Reached skill level 1 in Stealth
  1974 | D:3      | Noticed Ijyb
  1997 | D:3      | Gained mutation: You do not regenerate when monsters are visible. [potion of mutation]
  1997 | D:3      | Gained mutation: Your spells are a little harder to cast, but a little more powerful. [potion of mutation]
  1999 | D:3      | Killed from afar by Ijyb

Skill      XL: |  1  2  3 |
---------------+----------+-----
Bows           | 6 |  6.1
Stealth        | 1 |  1.0
Fighting       | |  2.4
Dodging        | |  1.8

Action                   || total
-------------------------++-------
Melee: Unarmed           ||   127
       Kick              ||    30
 Fire: Shortbow          ||    37
  Use: Potion            ||     1
  Eat: Chunk             ||     3
Armor: Leather armour    ||    48
Dodge: Dodged            ||    69
